 Dungeon Crawl Stone Soup version 0.30-a0-465-g8901f6c8b5 (webtiles) character file.

Game seed: 5845922042512677267

7355 spardeous the Nimble (level 10, -19/73 HPs)
             Began as a Felid Summoner on Dec 19, 2022.
             Was an Initiate of Gozag.
             Demolished by a boulder beetle (23 damage)
             ... on level 11 of the Dungeon.
             The game lasted 00:52:00 (18546 turns).

spardeous the Nimble (Felid Summoner)              Turns: 18546, Time: 00:52:00

Health: -19/73     AC:  2    Str:  4    XL:     10   Next: 91%
Magic:  13/20      EV: 24    Int: 20    God:    Gozag
Gold:   2127       SH:  0    Dex: 18    Spells: 8/21 levels left
                                        Lives:  0   Deaths: 2

rFire   + . .      SeeInvis +      - Unarmed
rCold   . . .      Faith    .    (shield unavailable)
rNeg    . . .      Spirit   .    (body armour unavailable)
rPois   .          Reflect  .    (helmet unavailable)
rElec   .          Harm     .    (cloak unavailable)
rCorr   .          Rampage  .    (gloves unavailable)
Will    +....      Clarity  +    (boots unavailable)
Stlth   ..........               j - amulet of the acrobat
HPRegen 0.32/turn                N - ring of flight
MPRegen 0.17/turn                i - ring of wizardry

@: mighty, berserking (expiring), flying, hasted, very quick
A: very small, claws 1, fangs 3, see invisible, speed 1, shaggy fur 2, stealthy
paws, no weapons or thrown items, no armour, multi-lived, clarity, fire
resistance 1, MP-powered wands, noise suppression
a: Renounce Religion, Potion Petition, Call Merchant, Bribe Branch


You were on level 11 of the Dungeon.
You worshipped Gozag.
Gozag was most pleased with you.
You visited 1 branch of the dungeon, and saw 11 of its levels.

You collected 2198 gold pieces.
You paid 71 gold pieces to Gozag.

Inventory:

Jewellery
 e - a +6 ring of dexterity
 i - a ring of wizardry (right paw)
 j - an amulet of the acrobat (around neck)
 o - an amulet of reflection
 q - a ring of poison resistance
 t - a +6 ring of intelligence
 y - a ring of magical power
 z - a +4 ring of evasion
 G - a ring of resist corrosion
 H - a +6 ring of strength
 N - a ring of flight (left paw)
Wands
 F - a wand of digging (3)
 J - a wand of roots (8)
 M - a wand of charming (3)
 O - a wand of mindburst (2)
Scrolls
 b - a scroll of torment {unknown}
 c - 3 scrolls of immolation {unknown}
 f - 3 scrolls of fog
 g - 2 scrolls of amnesia {unknown}
 k - 2 scrolls of magic mapping {unknown}
 n - 4 scrolls of noise {unknown}
 s - a scroll of acquirement {unknown}
 w - 3 scrolls of enchant weapon {unknown}
 A - a scroll of brand weapon {unknown}
 B - 6 scrolls of teleportation {unknown}
 D - 2 scrolls of enchant armour {unknown}
 I - a scroll of silence {unknown}
 L - a scroll of identify
Potions
 a - 3 potions of magic
 d - 3 potions of brilliance
 h - 4 potions of curing
 l - a potion of haste
 m - 3 potions of degeneration
 p - 3 potions of flight
 r - 5 potions of attraction
 x - 2 potions of lignification
 E - a potion of resistance
 K - a potion of mutation


   Skills:
 + Level 8.4 Fighting
 - Level 10.2 Dodging
 - Level 2.6 Stealth
 - Level 8.4 Unarmed Combat
 - Level 6.3 Spellcasting
 - Level 10.2 Summonings
 - Level 7.3 Transmutations


You had 8 spell levels left.
You knew the following spells:

 Your Spells              Type           Power      Damage    Failure   Level
a - Summon Small Mammal   Summ           100%       N/A       1%          1
b - Call Canine Familiar  Summ           47%        N/A       1%          3
c - Summon Guardian Gole  Hex/Summ       26%        N/A       1%          3
d - Passwall              Tmut/Erth      17%        N/A       1%          2
e - Summon Lightning Spi  Summ/Air       26%        N/A       4%          4

Your spell library contained the following spells:

 Spells                   Type           Power      Damage    Failure   Level
 Call Imp                 Summ           47%        N/A       1%          2
 Foxfire                  Conj/Fire      24%        2x1d5     4%          1
 Sandblast                Erth           12%        2d6       4%          1
 Ice Form                 Ice/Tmut       21%        N/A       9%          4
 Hailstorm                Conj/Ice       6%         3d4       12%         3
 Inner Flame              Hex/Fire       6%         N/A       12%         3
 Ozocubu's Armour         Ice            6%         N/A       12%         3
 Stone Arrow              Conj/Erth      12%        3d7       12%         3
 Metabolic Englaciation   Hex/Ice        3%         N/A       71%         5
 Ignition                 Fire           3%         3d4       100%        8
 Simulacrum               Ice/Necr       Unusable   N/A       N/A         6

Dungeon Overview and Level Annotations

Branches:
Dungeon (11/15)            Temple (0/1) D:6            Lair (0/5) D:11
    Orc (0/2) D:9

Altars:
Cheibriados
Gozag
Nemelex Xobeh
Ru
Vehumet
Wu Jian

Shops:
D:5 [

Portals:
Trove: D:11 (give 2 scrolls of acquirement)

Annotations:
D:10 1 runed translucent door
D:11 1 transporter


Innate Abilities, Weirdness & Mutations

You have sharp claws.
You have razor-sharp teeth.
You have supernaturally acute eyesight. (SInv)
You cover ground quickly. (Speed+)
You are covered in thick fur. (AC +2)
Your paws help you pounce on unaware monsters.
You are incapable of wielding weapons or throwing items.
You cannot wear armour.
You gain extra lives every three experience levels.
You possess an exceptional clarity of mind.
Your flesh is heat resistant. (rF+)
You expend magic power (3 MP) to strengthen your wands.
You passively dampen the noise of your surroundings.


Message History

You scratch the boulder beetle but do no damage.
You bite the boulder beetle, but do no damage.
The boulder beetle is heavily wounded.
You scratch the boulder beetle.
You bite the boulder beetle, but do no damage.
The boulder beetle is heavily wounded.
The boulder beetle waves its antennae.
The boulder beetle barely misses you.
You scratch the boulder beetle but do no damage.
The boulder beetle is heavily wounded.
You scratch the boulder beetle but do no damage.
The boulder beetle is heavily wounded.
The boulder beetle bites you!!
* * * LOW HITPOINT WARNING * * *
Okay, then.
You feel better.
A red film seems to cover your vision as you go berserk!
You feel yourself moving faster!
You feel mighty! The boulder beetle bites you.
* * * LOW HITPOINT WARNING * * *
You scratch the boulder beetle.
The boulder beetle is severely wounded.
The boulder beetle barely misses you.
You scratch the boulder beetle.
The boulder beetle is severely wounded.
You scratch the boulder beetle but do no damage.
The boulder beetle is severely wounded.
The boulder beetle leaps!
You scratch the boulder beetle.
The boulder beetle is lightly wounded.
You scratch the boulder beetle but do no damage.
The boulder beetle is lightly wounded.
The boulder beetle bites you!
* * * LOW HITPOINT WARNING * * *
You scratch the boulder beetle but do no damage.
The boulder beetle is lightly wounded.
You scratch the boulder beetle. You bite the boulder beetle.
The boulder beetle is lightly wounded.
The boulder beetle bites you!!
You die...
Your body crumbles into a pile of gold.

#.......................#.######
##.......................#.......
.........................#....^..
.............##########..#..####'
.............#8#....#....#..#....
...........####.###[#....#..#....
...........#8≈9B...©#©©..#..#....
...........####B###.#....'..#####
.............#8#@8h$#....#.......
.............##########..#.......
#........................######'#
#.......##########.......<.......
#.......#........#...............
#.......#........#..............#
#.......#........'......###.....#
#.......#....(...#....### #.....#
#.......##########))..# #.....#


You could see 2 boulder beetles, a friendly guardian golem (summoned), a
friendly lightning spire (summoned, sheltered) and a friendly hound (summoned).

Vanquished Creatures
  A centaur warrior (D:10)
  An unseen horror (D:11)
  A vampire mosquito (D:11)
  A two-headed ogre zombie (D:9)
  2 sky beasts (D:6)
  A black bear (D:11)
  A centaur (D:10)
  A kobold brigand (D:11)
  A gnoll sergeant (D:7)
  2 bullfrogs
  2 wights
  A howler monkey (D:10)
  8 killer bees
  A hound (D:6)
  A jelly (D:5)
  An orc wizard (D:7)
  3 gnolls (D:8)
  An adder (D:6)
  An orc (D:7)
  3 kobolds (D:11)
  An orc zombie (D:9)
35 creatures vanquished.

Vanquished Creatures (collateral kills)
  2 boulder beetles (D:11)
  A cyclops (D:11)
  An ugly thing (D:11)
  A harpy (D:11)
  A komodo dragon (D:11)
  A troll (D:10)
  Grinder (D:6)
  2 wraiths
  3 shadows
  3 yaks
  A steam dragon (D:9)
  A water moccasin (D:5)
  A sky beast (D:8)
  An orc warrior (D:10)
  A black bear (D:11)
  An ice beast (D:6)
  2 centaurs
  4 phantoms
  3 kobold brigands
  3 bullfrogs
  3 scorpions
  A gnoll sergeant (D:8)
  2 necrophages
  2 wights (D:8)
  A troll zombie (D:9)
  7 killer bees
  4 howler monkeys
  A jelly (D:5)
  Crazy Yiuf (D:6)
  A gnoll bouda (D:6)
  5 orc priests
  5 hounds
  4 iguanas
  An orc wizard (D:7)
  5 ogre zombies (D:9)
  11 gnolls
  8 adders
  2 white imps
  An ufetubus (D:4)
  3 worms
  3 dart slugs
  16 orcs
  6 ball pythons
  6 endoplasms
  3 giant cockroaches
  10 goblins
  3 hobgoblins (D:2)
  5 jackals
  19 kobolds
  3 quokkas
  4 bats
  2 frilled lizards (D:1)
  A goblin skeleton (D:9)
  2 goblin zombies (D:9)
  A hobgoblin zombie (D:9)
  2 orc skeletons (D:9)
  17 orc zombies (D:9)
  7 rats
212 creatures vanquished.

Vanquished Creatures (others)
  The ghost of purpskrrrp the Fighter, a journeyman MfFi of Cheibriados (D:8)
  A hydra (D:10)
  2 manticores (D:10)
  Prince Ribbit (D:6)
  A meliai (D:10)
  A slime creature (D:10)
  A wraith (D:11)
  A vampire (D:11)
  2 yaks (D:9)
  2 water moccasins (D:11)
  3 orc warriors
  A black bear (D:7)
  A centaur (D:8)
  A gnoll sergeant (D:8)
  9 wights
  A killer bee (D:8)
  An orc wizard (D:10)
  A gnoll (D:8)
  An orc (D:10)
  A kobold (D:11)
  35 fungi (D:11)
  45 plants (D:11)
113 creatures vanquished.

Grand Total: 360 creatures vanquished

Notes
Turn   | Place    | Note
-------+----------+-------------------------------------------
     0 | D:1      | spardeous the Felid Summoner began the quest for the Orb.
     0 | D:1      | Reached XP level 1. HP: 7/7 MP: 4/4
   683 | D:1      | Reached XP level 2. HP: 11/11 MP: 3/6
  1188 | D:2      | Reached skill level 5 in Summonings
  1267 | D:2      | Reached XP level 3. HP: 14/14 MP: 4/7
  1370 | D:2      | Learned a level 3 spell: Call Canine Familiar
  1711 | D:2      | Found a faded altar of an unknown god.
  2573 | D:3      | Reached XP level 4. HP: 18/18 MP: 3/8
  3274 | D:4      | Reached XP level 5. HP: 21/21 MP: 6/9
  3529 | D:4      | Found a snail-covered altar of Cheibriados.
  3721 | D:4      | Reached skill level 5 in Dodging
  3867 | D:4      | Found a sacrificial altar of Ru.
  4430 | D:5      | Entered Level 5 of the Dungeon
  4462 | D:5      | Gained mutation: You are covered in thick fur. (AC +2)
                  | [Felid growth]
  4462 | D:5      | Reached XP level 6. HP: 24/24 MP: 7/10
  4483 | D:5      | Noticed a water moccasin
  4970 | D:5      | Found Uriurol's Antique Armour Shoppe.
  5380 | D:5      | Found an opulent altar of Gozag.
  5394 | D:5      | Became a worshipper of Gozag Ym Sagoz the Greedy
  5429 | D:5      | Reached XP level 7. HP: 27/27 MP: 6/11
  5468 | D:5      | Found an ornate altar of the Wu Jian Council.
  5952 | D:5      | Reached skill level 10 in Dodging
  6064 | D:6      | Reached skill level 1 in Unarmed Combat
  6327 | D:6      | Reached XP level 8. HP: 31/31 MP: 4/12
  6629 | D:6      | Found a staircase to the Ecumenical Temple.
  6747 | D:6      | Noticed Prince Ribbit
  6754 | D:6      | Learned a level 3 spell: Summon Guardian Golem
  6801 | D:6      | Killed Prince Ribbit
  6802 | D:6      | Reached skill level 5 in Unarmed Combat
  6834 | D:6      | Noticed Grinder
  6848 | D:6      | Gained mutation: You expend magic power (3 MP) to
                  | strengthen your wands. [potion of mutation]
  6848 | D:6      | Gained mutation: Your flesh is heat resistant. (rF+)
                  | [potion of mutation]
  6848 | D:6      | Gained mutation: You passively dampen the noise of your
                  | surroundings. [potion of mutation]
  6848 | D:6      | Gained mutation: You possess an exceptional clarity of
                  | mind. [potion of mutation]
  7355 | D:6      | Killed Grinder
  7412 | D:6      | Found a runed translucent door.
  7413 | D:6      | Noticed Crazy Yiuf
  7840 | D:6      | Killed Crazy Yiuf
  8122 | D:6      | Reached XP level 9. HP: 25/34 MP: 3/13
  8596 | D:7      | Found a radiant altar of Vehumet.
  8746 | D:7      | Reached skill level 1 in Fighting
  9147 | D:7      | Learned a level 2 spell: Passwall
  9566 | D:8      | Reached skill level 1 in Transmutations
 11165 | D:8      | Found a large runed translucent door.
 11165 | D:8      | Found a large runed translucent door.
 11176 | D:8      | Noticed purpskrrrp's ghost (journeyman MfFi)
 11449 | D:8      | Found a sparkling altar of Nemelex Xobeh.
 11916 | D:8      | Killed purpskrrrp's ghost
 11917 | D:8      | Reached XP level 10. HP: 41/41 MP: 0/14
 12484 | D:9      | Reached skill level 10 in Summonings
 13040 | D:9      | Reached skill level 5 in Transmutations
 13689 | D:9      | Found a staircase to the Orcish Mines.
 14507 | D:10     | Entered Level 10 of the Dungeon
 14770 | D:10     | Identified the +9 war axe "Dufetoxu" {drain, rElec rPois
                  | rCorr}
 14991 | D:10     | Noticed a centaur warrior
 14991 | D:10     | Noticed a green ugly thing
 15011 | D:10     | Noticed an orc knight
 15019 | D:10     | Found a runed translucent door.
 15038 | D:10     | Noticed a manticore
 15038 | D:10     | Noticed a centaur warrior
 15038 | D:10     | Noticed a six-headed hydra
 15038 | D:10     | Noticed a manticore
 15038 | D:10     | Noticed a cyclops
 15038 | D:10     | Noticed a manticore
 15038 | D:10     | Noticed a centaur warrior
 15141 | D:10     | Killed a six-headed hydra
 15303 | D:10     | Noticed a boulder beetle
 15514 | D:10     | Reached XP level 11. HP: 5/44 MP: 15/18
 15516 | D:10     | Slain by a manticore
 15517 | D:10     | Reached XP level 10. HP: -4/41 MP: 9/17
 15671 | D:10     | Killed a centaur warrior
 15672 | D:10     | Reached skill level 5 in Spellcasting
 15833 | D:10     | Killed a manticore
 15958 | D:10     | Learned a level 4 spell: Summon Lightning Spire
 16169 | D:10     | Killed a manticore
 16319 | D:10     | Got the Omnibus of Kindling
 16363 | D:10     | Noticed a radroach
 16391 | D:11     | Noticed a boulder beetle
 16391 | D:11     | Noticed a boulder beetle
 16391 | D:11     | Found a transporter.
 16391 | D:11     | Found a transporter.
 16580 | D:11     | Noticed a cyclops
 16587 | D:11     | Hit by a large rock thrown by a cyclops
 16588 | D:11     | Reached XP level 9. HP: -7/37 MP: 9/19
 16588 | D:11     | Noticed a komodo dragon
 16620 | D:11     | Killed a komodo dragon
 16774 | D:11     | Noticed a boulder beetle
 16776 | D:11     | Found a staircase to the Lair.
 16813 | D:11     | Killed a boulder beetle
 16814 | D:11     | Reached XP level 10. HP: 43/43 MP: 7/20
 16866 | D:11     | Reached skill level 5 in Fighting
 17004 | D:11     | Noticed a brown ugly thing
 17021 | D:11     | Killed a brown ugly thing
 17299 | D:11     | Killed a cyclops
 17955 | D:11     | Noticed a boulder beetle
 17969 | D:11     | Found a portal to a secret trove of treasure.
 18074 | D:11     | Noticed a harpy
 18119 | D:11     | Killed a harpy
 18327 | D:11     | Killed a boulder beetle
 18544 | D:11     | HP: 3/73 [boulder beetle (11)]
 18546 | D:11     | Demolished by a boulder beetle

Illustrated notes

Levels and vault maps discovered:
D:1:      minmay_arrival_up_and_down, layout_loops_ring
D:2:      layout_loops_corners, ebering_ecumenical_altar_webs
D:3:      layout_basic
D:4:      layout_basic, kennysheep_slug_shrine, nicolae_ru_the_path_less_chosen,
          minmay_distorted
D:5:      layout_loops_ring, mainiacjoe_overflow_large_starburst, serial_shops,
          shop, minmay_statues_item
D:6:      layout_cave_pools, minmay_temple_entry_hall, uniq_grinder,
          uniq_crazy_yiuf_cottage, uniq_prince_ribbit1
D:7:      layout_gridville, mainiacjoe_overflow_chevrons,
          kennysheep_generic_room_2
D:8:      layout_cave_pools, lemuel_doored_altar, serial_rivers,
          chequers_serial_rivers_micro_b, chequers_serial_rivers_micro_e,
          chequers_serial_rivers_small_a, chequers_serial_rivers_marsh,
          chequers_serial_rivers_marsh, chequers_serial_rivers_micro_a,
          ebering_ghost_disaster_area
D:9:      layout_irregular_city, zombieorc2_lemuel
D:10:     minmay_the_grid_triangle_9x9_recursive_2
          [minmay_the_grid_triangle_9x9_prize_insulated,
          minmay_the_grid_triangle_9x9_thin_v,
          minmay_the_grid_triangle_9x9_subtriangle,
          minmay_the_grid_triangle_9x9_empty], layout_gridville
D:11:     gammafunk_boulding_lane, layout_irregular_city,
          due_lair_maze_entry_diamond, nicolae_trove_entry_crystal,
          kennysheep_island_fort

Skill      XL: |  1  2  3  4  5  6  7  8  9 10 |
---------------+-------------------------------+-----
Summonings     | 5 6 8 10 | 10.2
Dodging        | 3 6 8 10 | 10.2
Unarmed Combat | 3 7 8 |  8.4
Fighting       | 4 8 |  8.4
Transmutations | 4 7 |  7.3
Spellcasting   | 6 |  6.3
Stealth        | |  2.6

Action                   |  1- 3 |  4- 6 |  7- 9 | 10-12 || total
-------------------------+-------+-------+-------+-------++-------
Melee: Unarmed           |     2 |     2 |   128 |   138 ||   270
       Bite              |     1 |     1 |    16 |    26 ||    44
       Punch             |       |       |    11 |     7 ||    18
 Cast: Summon Small Mamm |    58 |    34 |    81 |    18 ||   191
       Call Canine Famil |    12 |    32 |    79 |    52 ||   175
       Summon Guardian G |       |       |    52 |    65 ||   117
       Summon Lightning  |       |       |     5 |    26 ||    31
  Use: Scroll            |       |     5 |     7 |     2 ||    14
       Potion            |       |       |     1 |     6 ||     7
 Stab: Distracted        |       |       |       |     1 ||     1
Armor: Skin              |     3 |       |     7 |     6 ||    16
Dodge: Dodged            |    33 |    31 |   216 |   229 ||   509

Table legend: (Time is in decaauts)
 A = Elapsed time spent in this place.
 B = Non-inter-level travel time spent in this place.
 C = Inter-level travel time spent in this place.
 D = Time resting spent in this place.
 E = Time spent auto-exploring this place.
 F = Levels seen in this place.
 G = Mean time per level.
                   A        B        C        D        E       F      G
               +--------+--------+--------+--------+--------+-----+--------+
         Total |  16667 |  15834 |    833 |   2169 |   9090 |  11 | 1515.2 |
       Dungeon |  16667 |  15834 |    833 |   2169 |   9090 |  11 | 1515.2 |
               +--------+--------+--------+--------+--------+-----+--------+

Top non-repeatable levels by time:
     D:9: 2105 daAuts
     D:6: 1989 daAuts
     D:8: 1980 daAuts
    D:11: 1936 daAuts
    D:10: 1692 daAuts
     D:7: 1621 daAuts
     D:2: 1380 daAuts
     D:5: 1319 daAuts
     D:4: 1214 daAuts
     D:1: 827 daAuts
     D:3: 601 daAuts
